 Dungeon Crawl Stone Soup version 0.24.0-37-gcf1ca852f1 (webtiles) character file.

Game seed: 4335299782356582160, levelgen mode: deterministic

50 Iamsoldier the Conjurer (level 3, -5/20 HPs)
             Began as a Deep Elf Conjurer on Nov 28, 2019.
             Killed from afar by Natasha (7 damage)
             ... with a magic dart
             ... on level 2 of the Dungeon.
             The game lasted 00:06:58 (2680 turns).

Iamsoldier the Conjurer (Deep Elf Conjurer)         Turns: 2680, Time: 00:07:00

Health: -5/20      AC:  2    Str:  5    XL:     3   Next: 55%
Magic:  1/10       EV: 13    Int: 20    God:
Gold:   65         SH:  0    Dex: 15    Spells: 6/9 levels left

rFire    . . .     SeeInvis .   b - +2 hunting sling (freeze)
rCold    + . .     Gourm    .   (no shield)
rNeg     . . .     Faith    .   a - +0 robe
rPois    .         Spirit   .   (no helmet)
rElec    .         Reflect  .   (no cloak)
rCorr    .         Harm     .   (no gloves)
MR       .....                  (no boots)
Stlth    ++........             (no amulet)
HPRegen  0.06/turn              g - ring of protection from cold
MPRegen  0.12/turn              (no ring)

@: slowed, very slow
A: no striking features
a: no special abilities


You were on level 2 of the Dungeon.
You were not hungry.

You visited 1 branch of the dungeon, and saw 2 of its levels.

You collected 65 gold pieces.

Inventory:

Hand Weapons
 b - a +2 hunting sling of freezing (weapon)
 e - a +0 short sword
Missiles
 h - 21 stones (quivered)
Armour
 a - a +0 robe (worn)
Jewellery
 g - a ring of protection from cold (left hand)
Scrolls
 i - a scroll of fog {unknown}
 j - a scroll of immolation {unknown}
 k - a scroll of remove curse {unknown}
Potions
 d - a potion of agility {unknown}
 f - a potion of heal wounds
Comestibles
 c - 3 rations


   Skills:
 * Level 1.5 Fighting
 - Level 2.4 Dodging
 - Level 2.4 Stealth
 + Level 3.5 Spellcasting
 * Level 5.0 Conjurations


You had 6 spell levels left.
You knew the following spells:

 Your Spells              Type           Power        Failure   Level  Hunger
a - Magic Dart            Conj           ###.         1%          1    None
b - Searing Ray           Conj           ###...       2%          2    ##.....

Your spell library contained the following spells:

 Spells                   Type           Power        Failure   Level  Hunger
 Dazzling Spray           Conj/Hex       ##....       14%         3    ###....
 Iskenderun's Mystic Bla  Conj           ###.....     17%         4    ####...
 Force Lance              Conj/Tloc      ##......     43%         4    ####...
 Fulminant Prism          Conj/Hex       ##........   43%         4    ####...


Dungeon Overview and Level Annotations

Branches:
Dungeon (2/15)

Altars:
Trog

Annotations:
D:2 Natasha, Sigmund


Message History

Press: ? - help, Shift-Dir - straight line, f/p - Natasha
Aim: Natasha (moderately wounded)
The searing ray misses Natasha. (Press . to maintain the ray.)
Casting: Searing Ray (safe; 2% risk of failure)
Confirm with . or Enter, or press ? or * to list all spells.
Aiming: Magic Dart (safe; 1% risk of failure)
Press: ? - help, Shift-Dir - straight line, f/p - Natasha
Aim: Natasha (moderately wounded)
The magic dart hits Natasha but does no damage.
Natasha is moderately wounded.
Natasha closely misses you.
Natasha stares at you and mumbles some strange words.
The magic dart hits you!
* * * LOW HITPOINT WARNING * * *
Natasha mumbles some strange words.
Natasha glows brightly for a moment.
Natasha stares at you and mumbles some strange words.
The magic dart hits you!
You die...

####### ....... .......
######## ######.......
######......####...........#
#...........@.h.............
#........##.####.#.......#.#
#.####.#.##.# #.#.#####.#.#
#.#..#.#.##.# #.#.# #.#
#.#..#.#.##.# #.#.# #.#
#.#...<#.##.# #.#.# #.#
#.#.##.#.##.# #.#.#######.##
#.#.........####.#.........#.
###..).........................


You could see Natasha.

Vanquished Creatures
  2 worms (D:2)
  A dart slug (D:2)
  A leopard gecko (D:1)
  4 goblins
  6 hobgoblins
  4 jackals (D:1)
  7 kobolds
  7 bats
  3 frilled lizards
  5 rats
40 creatures vanquished.

Notes
Turn   | Place    | Note
-------+----------+-------------------------------------------
     0 | D:1      | Iamsoldier the Deep Elf Conjurer began the quest for the
                  | Orb.
     0 | D:1      | Reached XP level 1. HP: 10/10 MP: 6/6
   431 | D:1      | Reached XP level 2. HP: 16/16 MP: 6/8
   513 | D:1      | Learned a level 2 spell: Searing Ray
   765 | D:1      | Reached skill level 1 in Fighting
  1358 | D:1      | Reached XP level 3. HP: 20/20 MP: 7/9
  1838 | D:2      | Noticed a moth of wrath
  1841 | D:2      | Found a bloodstained altar of Trog.
  1858 | D:2      | Reached skill level 5 in Conjurations
  2055 | D:2      | HP: 1/20 [worm (13)]
  2443 | D:2      | Noticed Sigmund
  2665 | D:2      | Noticed Natasha
  2680 | D:2      | Killed from afar by Natasha

Levels and vault maps discovered:
D:1:      minmay_arrival_plants_in_alcoves, layout_basic, grunt_decor_cap
D:2:      layout_basic, tgw_trog, grunt_ministairs_4, uniq_sigmund, uniq_natasha

Skill      XL: |  1  2  3 |
---------------+----------+-----
Fighting       | 1 |  1.5
Conjurations   | 5 |  5.0
Dodging        | |  2.4
Stealth        | |  2.4
Spellcasting   | |  3.5

Action                   || total
-------------------------++-------
Melee: Short sword       ||    11
 Cast: Magic Dart        ||    87
       Searing Ray       ||     4
  Use: Scroll            ||     2
  Eat: Chunk             ||     5
Armor: Robe              ||     1
Dodge: Dodged            ||    32
